 Dungeon Crawl Stone Soup version 0.29-a0-555-g3b24f45cc1 (webtiles) character file.

Game seed: 7067619839886907843

2567 zishaf the Jinx (level 9, -1/68 HPs)
             Began as a Vampire Enchanter on June 7, 2022.
             Slain by a two-headed ogre
             ... wielding a +0 giant spiked club
              (21 damage)
             ... on level 6 of the Dungeon.
             The game lasted 00:14:11 (6592 turns).

zishaf the Jinx (Vampire Enchanter)                 Turns: 6592, Time: 00:14:12

Health: -1/68      AC:  7    Str:  7    XL:     9   Next: 31%
Magic:  0/14       EV: 12    Int: 21    God:
Gold:   280        SH:  0    Dex: 15    Spells: 7/15 levels left

rFire   . . .      SeeInvis +   a - +2 dagger
rCold   . . .      Faith    .   (no shield)
rNeg    . . .      Spirit   .   b - +0 robe
rPois   .          Reflect  .   n - +0 helmet
rElec   .          Harm     .   s - +0 cloak
rCorr   .          Rampage  .   g - +2 pair of gloves
Will    .....                   (no boots)
Stlth   ++++......              (no amulet)
HPRegen 0.41/turn               (no ring)
MPRegen 0.14/turn               (no ring)

@: very slightly contaminated, healing quickly
A: alive, fangs 3, see invisible, vampiric 2
a: Exsanguinate


You were on level 6 of the Dungeon.
You visited 1 branch of the dungeon, and saw 6 of its levels.
You also visited: Ossuary.

You collected 280 gold pieces.

Inventory:

Hand Weapons
 a - a +2 dagger (weapon)
 e - a +2 falchion of draining
 l - a +0 short sword of electrocution
Armour
 b - a +0 robe (worn)
 g - a +2 pair of gloves (worn)
 n - a +0 helmet (worn)
 s - a +0 cloak (worn)
Jewellery
 u - an amulet of magic regeneration
 y - a ring of ice
Scrolls
 h - a scroll of fog
 i - 2 scrolls of amnesia
 j - a scroll of vulnerability
 t - a scroll of blinking
 w - 3 scrolls of teleportation
 x - a scroll of summoning
Potions
 c - a potion of invisibility
 d - a potion of cancellation
 f - 2 potions of curing
 k - a potion of lignification
 m - a potion of brilliance
 o - a potion of haste
 p - a potion of magic {unknown}
 q - 3 potions of might
 r - a potion of heal wounds
 v - a potion of ambrosia {unknown}
 z - a potion of attraction {unknown}


   Skills:
 + Level 5.1 Fighting
 - Level 5.0 Short Blades
 - Level 2.1 Dodging
 - Level 8.0 Stealth
 + Level 3.5 Spellcasting
 * Level 10.5 Hexes
 + Level 5.5 Ice Magic


You had 7 spell levels left.
You knew the following spells:

 Your Spells              Type           Power      Damage    Failure   Level
a - Ensorcelled Hibernat  Hex/Ice        74%        N/A       1%          2
b - Confusing Touch       Hex            48%        N/A       1%          3
c - Tukima's Dance        Hex            48%        N/A       1%          3

Your spell library contained the following spells:

 Spells                   Type           Power      Damage    Failure   Level
 Dazzling Flash           Conj/Hex       50%        N/A       4%          3
 Sublimation of Blood     Necr           3%         N/A       19%         2
 Wereblood                Tmut           3%         N/A       19%         2
 Conjure Flame            Conj/Fire      3%         6-21      36%         3
 Ignite Poison            Fire/Tmut/Pois 3%         N/A       36%         3
 Sticky Flame             Conj/Fire      3%         2d3       77%         4
 Summon Hydra             Summ           1%         N/A       100%        7


Dungeon Overview and Level Annotations

Branches:
Dungeon (6/15)            Ossuary (visited)
 Temple: D:4-7

Altars:
Ashenzari
Fedhas
Gozag
Makhleb
Qazlal
Uskayaw
The Shining One

Shops:
D:6 *


Innate Abilities, Weirdness & Mutations

Your natural rate of healing is accelerated.
You have razor-sharp teeth.
You have supernaturally acute eyesight. (SInv)
You are afflicted with vampirism and can become a bat while bloodless.


Message History

A two-headed ogre is nearby!
The two-headed ogre shouts in stereo!
There is an open door here.
Things that are here:
a +0 flail; an orc corpse
Casting: Ensorcelled Hibernation (safe; 1% risk of failure)
Confirm with . or Enter, or press ? or * to list all spells.
Aiming: Ensorcelled Hibernation (safe; 1% risk of failure)
Press: ? - help, Shift-Dir - straight line, f - two-headed ogre
Aim: a two-headed ogre, wielding two +0 giant spiked clubs (chance to affect: 47%)
The two-headed ogre resists with some effort.
Casting: Ensorcelled Hibernation (safe; 1% risk of failure)
Confirm with . or Enter, or press ? or * to list all spells.
Aiming: Ensorcelled Hibernation (safe; 1% risk of failure)
Press: ? - help, Shift-Dir - straight line, f/p - two-headed ogre
Aim: a two-headed ogre, wielding two +0 giant spiked clubs (chance to affect: 47%)
The two-headed ogre resists with some effort.
The two-headed ogre completely misses you.
The two-headed ogre barely misses you.
Casting: Ensorcelled Hibernation (safe; 1% risk of failure)
Confirm with . or Enter, or press ? or * to list all spells.
Aiming: Ensorcelled Hibernation (safe; 1% risk of failure)
Press: ? - help, Shift-Dir - straight line, f/p - two-headed ogre
Aim: a two-headed ogre, wielding two +0 giant spiked clubs (chance to affect: 47%)
You miscast Ensorcelled Hibernation.
You are very lightly contaminated with residual magic.
Nothing appears to happen.
Casting: Ensorcelled Hibernation (safe; 1% risk of failure)
Confirm with . or Enter, or press ? or * to list all spells.
Aiming: Ensorcelled Hibernation (safe; 1% risk of failure)
Press: ? - help, Shift-Dir - straight line, f/p - two-headed ogre
Aim: a two-headed ogre, wielding two +0 giant spiked clubs (chance to affect: 47%)
The two-headed ogre resists with some effort.
The two-headed ogre hits you with a +0 giant spiked club!!
The two-headed ogre hits you with a +0 giant spiked club!
* * * LOW HITPOINT WARNING * * *
The two-headed ogre attacks as you move away!
The two-headed ogre misses you.
The two-headed ogre hits you with a +0 giant spiked club!!
You die...

###.# #'#...#'# ###.#
.#####.......### .##.#
'#.#..........†# '#
....###...##.........##...#
....#......'....)....'......
....#......##.......##......
....#.......#...)...# ......
.##.'.......####O#### .....
.##.#.......#...@...# .....
.##.#......##.......## ....
.##.#......'.........+ ....
.##.###...##.........#
......#'#.#...........#
.##.†##.#####.......###
.##......####'#...#+#
.##)..........#####
............#.......#


You could see a two-headed ogre.

Vanquished Creatures
  Sigmund (D:2)
  Eustachio (D:6)
  Menkaure (D:4)
  Edmund (D:5)
  A water moccasin (D:6)
  An orc warrior (D:6)
  An ogre (D:5)
  Blork the orc (D:5)
  A scorpion (D:6)
  2 water moccasin zombies (Ossuary)
  3 wights (D:5)
  2 howler monkeys (D:6)
  4 bullfrog zombies (Ossuary)
  2 centaur zombies (Ossuary)
  2 hounds (D:6)
  A gnoll shaman (D:5)
  2 jellies (D:5)
  Crazy Yiuf (D:3)
  23 mummies (Ossuary)
  2 iguanas (D:4)
  2 orc wizards
  2 howler monkey zombies (Ossuary)
  Robin (D:2)
  6 adders
  10 gnolls
  2 white imps
  A worm (D:4)
  2 dart slugs
  20 orcs
  5 ball pythons
  4 endoplasms
  2 giant cockroaches
  12 goblins
  7 hobgoblins
  2 jackals (D:1)
  11 kobolds
  6 quokkas
  6 bats
  4 frilled lizards
  5 rats
163 creatures vanquished.

Vanquished Creatures (collateral kills)
  A wight (D:5)
1 creature vanquished.

Vanquished Creatures (others)
  A dancing weapon (D:5)
  4 withered plants (Ossuary)
5 creatures vanquished.

Grand Total: 169 creatures vanquished

Notes
Turn   | Place    | Note
-------+----------+-------------------------------------------
     0 | D:1      | zishaf the Vampire Enchanter began the quest for the Orb.
     0 | D:1      | Reached XP level 1. HP: 13/13 MP: 3/3
   107 | D:1      | Found a faded altar of an unknown god.
   141 | D:1      | Reached XP level 2. HP: 14/20 MP: 5/5
   153 | D:1      | Learned a level 2 spell: Ensorcelled Hibernation
   916 | D:2      | Gained mutation: You are afflicted with vampirism and can
                  | become a bat while bloodless. [Vampire growth]
   916 | D:2      | Reached XP level 3. HP: 25/25 MP: 6/6
   954 | D:2      | Reached skill level 5 in Stealth
  1003 | D:2      | Reached skill level 1 in Fighting
  1220 | D:2      | Reached skill level 5 in Hexes
  1220 | D:2      | Reached skill level 1 in Ice Magic
  1328 | D:2      | Reached XP level 4. HP: 27/32 MP: 0/7
  1527 | D:2      | Noticed Sigmund
  1791 | D:2      | Killed Sigmund
  1792 | D:2      | Reached skill level 6 in Hexes
  1792 | D:2      | Reached XP level 5. HP: 32/38 MP: 3/8
  1947 | D:2      | Noticed Robin
  1961 | D:2      | Killed Robin
  2104 | D:2      | Reached XP level 6. HP: 46/46 MP: 6/9
  2473 | D:3      | Found a runed translucent door.
  2474 | D:3      | Noticed Crazy Yiuf
  3069 | D:3      | Killed Crazy Yiuf
  3262 | D:4      | Learned a level 3 spell: Confusing Touch
  3266 | D:4      | Learned a level 3 spell: Tukima's Dance
  3464 | D:4      | Noticed Menkaure
  3481 | D:4      | Killed Menkaure
  3482 | D:4      | Reached XP level 7. HP: 9/52 MP: 3/10
  3849 | D:5      | Entered Level 5 of the Dungeon
  3930 | D:5      | Noticed Blork the orc
  3945 | D:5      | Killed Blork the orc
  3946 | D:5      | Reached skill level 7 in Hexes
  4146 | D:5      | Found a sand-covered staircase.
  4155 | Ossuary  | Entered an ossuary
  4402 | Ossuary  | Reached XP level 8. HP: 53/60 MP: 1/11
  4601 | Ossuary  | Reached skill level 8 in Hexes
  4690 | Ossuary  | Reached skill level 5 in Short Blades
  5414 | D:5      | Reached skill level 9 in Hexes
  5693 | D:5      | Noticed Edmund
  5696 | D:5      | Killed Edmund
  5697 | D:5      | Reached skill level 5 in Ice Magic
  5708 | D:5      | Found a burning altar of Makhleb.
  5709 | D:5      | Found an opulent altar of Gozag.
  5749 | D:5      | Found a hide-covered altar of Uskayaw.
  5749 | D:5      | Found a stormy altar of Qazlal.
  5755 | D:5      | Found a blossoming altar of Fedhas.
  5756 | D:5      | Found a broken altar of Ashenzari.
  5909 | D:6      | Reached XP level 9. HP: 66/66 MP: 13/13
  5989 | D:6      | Noticed a two-headed ogre
  6160 | D:6      | Found Enagud's Assorted Antiques.
  6285 | D:6      | Reached skill level 10 in Hexes
  6379 | D:6      | Noticed Eustachio
  6386 | D:6      | Killed Eustachio
  6458 | D:6      | Reached skill level 5 in Fighting
  6592 | D:6      | Slain by a two-headed ogre

Illustrated notes

Levels and vault maps discovered:
D:1:      saegor_arrival_simple_c, layout_loops_cross,
          hellmonk_ecumenical_altar_dog_temple
D:2:      minmay_diamond_boxcup, layout_basic, uniq_sigmund, uniq_robin
D:3:      layout_basic, kennysheep_minor_cross, grunt_decor_one_mirror,
          uniq_crazy_yiuf_cottage
D:4:      layout_rooms, uniq_menkaure
D:5:      layout_rooms, nicolae_overflow_hallway_of_the_gods,
          chequers_ossuary_entry_cave, minivault_26, hangedman_glass_teeth,
          fountainhead, minmay_misc_feat_room, uniq_edmund, uniq_blork_the_orc
D:6:      nicolae_cairo_tiling_very_big, layout_basic, serial_shops,
          nicolae_shop_hallway_stairs, nrook_mini_backslash,
          kennysheep_generic_room_16, uniq_eustachio

Skill      XL: |  1  2  3  4  5  6  7  8  9 |
---------------+----------------------------+-----
Stealth        | 5 6 8 |  8.0
Fighting       | 1 2 3 4 5 |  5.1
Hexes          | 5 6 7 9 10 | 10.5
Ice Magic      | 1 2 3 4 5 |  5.5
Short Blades   | 2 3 4 5 |  5.0
Spellcasting   | 3 |  3.5
Dodging        | |  2.1

Action                   |  1- 3 |  4- 6 |  7- 9 || total
-------------------------+-------+-------+-------++-------
Melee: Dagger            |    97 |   106 |   308 ||   511
       Bite              |     6 |    15 |    45 ||    66
       Punch             |       |       |     3 ||     3
 Cast: Ensorcelled Hiber |    13 |    28 |    51 ||    92
       Confusing Touch   |       |     1 |    33 ||    34
       Tukima's Dance    |       |       |     7 ||     7
  Use: Scroll            |       |     9 |     9 ||    18
       Potion            |       |       |     3 ||     3
 Stab: Sleeping          |    23 |    24 |    42 ||    89
       Confused          |       |     2 |    18 ||    20
       Distracted        |       |     1 |       ||     1
       Invisible         |       |       |     2 ||     2
Armor: Robe              |    11 |    23 |    65 ||    99
Dodge: Dodged            |    55 |    56 |   143 ||   254

Table legend: (Time is in decaauts)
 A = Elapsed time spent in this place.
 B = Non-inter-level travel time spent in this place.
 C = Inter-level travel time spent in this place.
 D = Time resting spent in this place.
 E = Time spent auto-exploring this place.
 F = Levels seen in this place.
 G = Mean time per level.
                   A        B        C        D        E       F      G
               +--------+--------+--------+--------+--------+-----+--------+
         Total |   6554 |   6353 |    201 |   1033 |   3632 |   7 |  936.3 |
       Dungeon |   5467 |   5266 |    201 |    572 |   3399 |   6 |  911.2 |
       Ossuary |   1086 |   1086 |      0 |    461 |    232 |   1 | 1086.0 |
               +--------+--------+--------+--------+--------+-----+--------+

Top non-repeatable levels by time:
     D:2: 1173 daAuts
     D:5: 1118 daAuts
 Ossuary: 1086 daAuts
     D:1: 1051 daAuts
     D:3: 914 daAuts
     D:4: 778 daAuts
     D:6: 432 daAuts
